Map: Honorgrounds LE

Players

Cham

  • Race: Zerg Zerg
  • Spawn Location: 7:00

PiLiPiLi - Winner!

  • Race: Protoss Protoss
  • Spawn Location: 11:00

Event: WCS Austin 2017

VOD

Have the link to the VOD?

Description

Time

  • Played on: April 28, 2017, 9:03 p.m.
  • Length: 11:48

All games in this series

Show
View Real Time Build Order
Export as new Build Order

Cham Zerg 

Build Orders: Hatch First, Zergling Baneling 

Get SALT Encoding   

  12  0:00  Drone  
  13  0:08  Drone  
  14  0:18  Overlord  
  14  0:37  Drone x3  
  17  0:53  Hatchery  
  16  0:57  Drone  
  16  1:00  Drone  
  16  1:02  Extractor  
  17  1:15  Spawning Pool  
  17  1:18  Drone  
  17  1:22  Drone  
  18  1:31  Drone  
  19  1:44  Drone  
  20  1:50  Hatchery  
  19  1:59  Drone  
  20  2:02  Queen  
  22  2:11  Queen  
  24  2:16  Zergling x2  
  24  2:18  Zergling x2  
  26  2:25  Overlord  
  26  2:29  Zergling x2  
  27  2:31  Zergling x2  
  28  2:37  Overlord  
  28  2:43  Metabolic Boost  
  28  2:44  Zergling x2  
  28  2:46  Zergling x2  
  30  2:53  Drone  
  30  2:56  Drone x2  
  32  3:00  Zergling x2  
  32  3:02  Drone  
  34  3:10  Drone  
  34  3:13  Drone x3  
  34  3:19  Baneling Nest  
  36  3:26  Overlord  
  36  3:28  Zergling x4  
  36  3:31  Zergling x2  
  36  3:33  Zergling x2  
  40  3:35  Zergling x2  
  40  3:38  Zergling x2  
  42  3:44  Overlord  
  42  3:45  Zergling x2  
  43  3:57  Zergling x4  
  45  4:03  Zergling x2  
  45  4:04  Baneling x5  
  45  4:05  Zergling x8  
  45  4:08  Zergling x2  
  51  4:10  Zergling x2  
  51  4:12  Zergling x2  
  51  4:16  Zergling x4  
  55  4:21  Zergling x2  
  55  4:22  Overlord  
  56  4:25  Zergling x2  
  56  4:28  Zergling x2  
  56  4:29  Baneling  
  56  4:30  Baneling x2  
  55  4:43  Baneling  
  55  4:44  Zergling x12  
  55  4:47  Baneling  
  51  4:56  Drone x3  
  51  4:57  Drone x2  
  51  4:58  Baneling  
  53  5:01  Drone  
  52  5:11  Drone x3  
  52  5:12  Drone x2  
  55  5:17  Roach Warren  
  54  5:21  Drone  
  54  5:22  Drone  
  54  5:23  Drone  
  54  5:26  Extractor  
  56  5:29  Drone x3  
  59  5:36  Overlord  
  59  5:37  Queen  
  59  5:41  Overlord  
  61  5:45  Overlord  
  60  5:52  Drone  
  60  5:53  Drone x4  
  60  5:55  Overlord, Extractor  
  64  5:57  Drone x2  
  64  6:00  Overlord  
  64  6:02  Roach  
  68  6:05  Roach  
  68  6:07  Roach  
  68  6:10  Roach  
  74  6:12  Roach  
  74  6:14  Roach  
  74  6:16  Overlord  
  78  6:19  Roach  
  78  6:21  Overlord  
  78  6:23  Roach  
  82  6:29  Overlord  
  82  6:30  Roach x2  
  86  6:34  Roach  
  86  6:37  Overlord  
  86  6:38  Roach x2  
  92  6:44  Overlord  
  92  6:45  Zergling x2  
  92  6:48  Ravager x2  
  92  6:49  Zergling x10  
  92  6:52  Zergling x2  
  100  6:57  Zergling x6, Baneling Nest  
  100  6:59  Zergling x2  
  103  7:02  Spine Crawler  
  103  7:06  Ravager  
  103  7:07  Zergling x6  
  95  7:20  Roach x3  
  91  7:25  Roach  
  91  7:26  Roach x2  
  91  7:27  Roach, Zergling x6  
  91  7:29  Zergling x2, Roach  
  103  7:33  Roach, Zergling x2  
  103  7:35  Zergling x2  
  98  7:37  Zergling x2  
  98  7:39  Baneling x2  
  98  7:40  Zergling x2  
  98  7:44  Zergling x4  
  96  7:46  Baneling  
  96  7:47  Baneling x2  
  96  7:48  Zergling x2  
  96  7:50  Zergling x4  
  94  7:53  Zergling x2  
  94  7:55  Baneling x2  
  94  7:57  Roach  
  84  8:00  Roach, Zergling x2  
  84  8:05  Roach, Zergling x2  
  86  8:11  Baneling x2  
  83  8:13  Zergling x4  
  83  8:14  Roach  
  83  8:17  Zergling x2  
  84  8:25  Roach x2  
  77  8:27  Roach, Zergling x2  
  77  8:32  Roach  
  72  8:34  Ravager  
  72  8:35  Zergling x4  
  73  8:44  Roach  
  73  8:47  Zergling x2  
  69  8:54  Lair  
  63  8:55  Zergling x2  
  63  8:56  Zergling x2  
  63  8:58  Ravager  
  66  9:07  Queen  
  68  9:10  Zergling x4  
  69  9:23  Hatchery  
  68  9:27  Zergling x2  
  68  9:31  Zergling x2  
  66  9:34  Roach x2  
  63  9:40  Roach  
  64  9:53  Overseer  
  64  9:55  Ravager x3  
  64  9:59  Ravager  
  65  10:11  Drone x2  
  67  10:14  Zergling x4  
  67  10:15  Zergling x4  
  71  10:22  Drone x2  
  71  10:23  Drone x2  
  71  10:25  Glial Reconstitution  
  75  10:34  Drone x2  
  77  10:36  Drone  
  77  10:39  Queen  
  80  10:42  Overlord  
  80  10:45  Drone  
  81  10:51  Overlord  
  81  10:54  Zergling x2  
  81  10:55  Ravager  
  81  10:56  Baneling x7  
  81  10:57  Baneling x2  
  83  10:58  Zergling x2  
  83  11:00  Zergling x2  
  85  11:04  Zergling x6  
  85  11:10  Zergling x2  
  88  11:16  Zergling x2  
  87  11:20  Roach x2, Zergling x2  
  87  11:25  Ravager, Baneling x2  
  80  11:26  Zergling x4, Baneling x2  
  82  11:33  Baneling  
Show
View Real Time Build Order
Export as new Build Order

PiLiPiLi Protoss - Winner!

Build Orders:  

Get SALT Encoding   

  12  0:01  Probe (Chrono Boost)  
  13  0:11  Probe (Chrono Boost)  
  14  0:18  Pylon  
  14  0:23  Probe (Chrono Boost)  
  15  0:36  Probe (Chrono Boost)  
  15  0:38  Gateway  
  16  0:44  Assimilator  
  16  0:46  Probe (Chrono Boost)  
  17  0:57  Probe (Chrono Boost)  
  17  1:01  Gateway  
  18  1:08  Probe (Chrono Boost)  
  19  1:18  Probe (Chrono Boost)  
  20  1:25  Cybernetics Core  
  20  1:27  Pylon  
  20  1:29  Probe (Chrono Boost)  
  21  1:54  Nexus  
  21  2:01  Adept  
  21  2:02  Adept  
  21  2:04  Warp Gate  
  25  2:14  Probe (Chrono Boost)  
  26  2:19  Assimilator  
  26  2:25  Probe (Chrono Boost)  
  26  2:28  Pylon  
  27  2:36  Probe (Chrono Boost)  
  28  2:38  Stalker  
  30  2:46  Probe (Chrono Boost)  
  30  2:49  Adept  
  33  3:02  Probe (Chrono Boost)  
  32  3:06  Twilight Council  
  32  3:14  Probe x2 (Chrono Boost)  
  32  3:19  Adept  
  34  3:25  Probe (Chrono Boost)  
  34  3:26  Mothership Core (Chrono Boost)  
  37  3:29  Resonating Glaives  
  37  3:38  Probe (Chrono Boost)  
  38  3:46  Probe (Chrono Boost)  
  40  3:50  Probe (Chrono Boost)  
  40  3:53  Gateway  
  40  3:57  Probe (Chrono Boost)  
  40  4:02  Probe (Chrono Boost)  
  42  4:07  Probe (Chrono Boost), Adept x2  
  47  4:14  Probe (Chrono Boost)  
  48  4:18  Probe (Chrono Boost)  
  48  4:19  Assimilator  
  48  4:23  Assimilator  
  49  4:26  Probe (Chrono Boost)  
  51  4:32  Pylon  
  51  4:34  Sentry  
  51  4:35  Pylon  
  52  4:38  Sentry  
  46  4:46  Probe (Chrono Boost)  
  47  4:53  Gateway  
  47  4:56  Gateway  
  47  5:04  Sentry x2  
  51  5:10  Probe (Chrono Boost)  
  51  5:11  Probe (Chrono Boost)  
  51  5:14  Robotics Facility  
  51  5:19  Gateway x2  
  51  5:20  Gateway  
  51  5:21  Probe (Chrono Boost)  
  52  5:22  Probe (Chrono Boost)  
  52  5:25  Pylon  
  53  5:31  Probe (Chrono Boost)  
  53  5:32  Probe (Chrono Boost)  
  53  5:35  Sentry x3  
  61  5:45  Pylon  
  61  5:47  Pylon  
  61  5:49  Pylon  
  61  5:56  Warp Prism  
  61  5:59  Pylon  
  63  6:04  Pylon  
  63  6:07  Adept x4  
  63  6:09  Sentry  
  73  6:14  Pylon  
  73  6:24  Sentry  
  73  6:25  Sentry, Adept x2  
  79  6:27  Adept  
  79  6:28  Adept  
  85  6:33  Sentry, Adept  
  89  6:54  Stalker x5  
  95  7:18  Adept x7  
  101  7:33  Stalker  
  99  7:41  Adept x6  
  101  7:56  Stalker  
  101  7:57  Stalker  
  87  8:06  Adept  
  87  8:07  Adept  
  87  8:08  Adept x4  
  97  8:18  Adept  
  87  8:21  Stalker  
  87  8:26  Adept x2  
  77  8:28  Adept x2  
  73  8:37  Adept  
  73  8:38  Adept  
  75  8:47  Stalker x2  
  73  8:55  Immortal  
  65  9:12  Sentry x4  
  71  9:19  Adept  
  71  9:20  Adept x2  
  77  9:37  Dark Shrine  
  77  9:52  Adept x8  
  93  10:02  Immortal  
  93  10:12  Pylon  
  97  10:21  Nexus  
  97  10:30  Sentry x2  
  97  10:33  Pylon  
  101  10:38  Stalker, Sentry  
  101  10:39  Adept  
  107  11:09  Stalker  
  107  11:10  Stalker x4  
  117  11:29  Stalker  
  117  11:30  Stalker x2  
  123  11:33  Stalker  
  123  11:35  Stalker  
Tags
 
Add a new tag
Caveats
  • Supply blocks, unpowered buildings, or Contaminate may cause inaccurate times.
  • Supply counts are checked every 10 seconds.